 Dungeon Crawl Stone Soup version 0.27-a0-1322-gfdffb62a71 (webtiles) character file.

Game seed: 1712061946999102576

261 funkygono the Firebug (level 6, -4/32 HPs)
             Began as a Gargoyle Fire Elementalist on June 23, 2021.
             Slain by an ogre (25 damage)
             ... on level 3 of the Dungeon.
             The game lasted 00:05:01 (2743 turns).

funkygono the Firebug (Gargoyle Fire Elementalist)  Turns: 2743, Time: 00:05:02

Health: -4/32      AC:  9    Str: 11    XL:     6   Next: 18%
Magic:  1/11       EV: 12    Int: 18    God:
Gold:   97         SH:  5    Dex: 10    Spells: 4/12 levels left

rFire    . . .     SeeInvis .   f - +0 mace
rCold    . . .     Faith    .   (no shield)
rNeg     + . .     Spirit   .   a - +2 robe
rPois    ∞         Reflect  +   (no helmet)
rElec    +         Harm     .   (no cloak)
rCorr    .         Rampage  .   (no gloves)
Will     .....                  b - +0 pair of boots
Stlth    ++........             d - amulet of reflection
HPRegen  0.10/turn              e - ring of flight
MPRegen  0.12/turn              (no ring)

@: flying
A: sickness immunity, AC +4, negative energy resistance 1, electricity
resistance, torment resistance 1, petrification resistance
a: no special abilities


You were on level 3 of the Dungeon.
You visited 1 branch of the dungeon, and saw 3 of its levels.

You collected 97 gold pieces.

Inventory:

Hand Weapons
 f - a +0 mace (weapon)
Armour
 a - a +2 robe (worn)
 b - a +0 pair of boots (worn)
Jewellery
 d - an amulet of reflection (around neck)
 e - a ring of flight (left hand)
Scrolls
 c - 2 scrolls of amnesia
Potions
 i - a potion of brilliance


   Skills:
 + Level 1.0 Maces & Flails
 + Level 1.8 Dodging
 - Level 2.1 Stealth
 + Level 3.6 Spellcasting
 + Level 3.4 Conjurations
 + Level 4.4 Fire Magic


You had 4 spell levels left.
You knew the following spells:

 Your Spells              Type           Power      Damage    Failure   Level
a - Foxfire               Conj/Fire      68%        2x1d7     3%          1
b - Conjure Flame         Conj/Fire      17%        6-21      9%          3
c - Sticky Flame          Conj/Fire      17%        2d4       30%         4

Your spell library contained the following spells:

 Spells                   Type           Power      Damage    Failure   Level
 Inner Flame              Hex/Fire       11%        N/A       19%         3
 Fireball                 Conj/Fire      8%         3d6       63%         5


Dungeon Overview and Level Annotations

Branches:
Dungeon (3/15)

Altars:

Shops:
D:1 *   D:2 !


Innate Abilities, Weirdness & Mutations

You are immune to sickness and miasma.
Your stone body is resilient. (AC +4)
You are immune to poison.
You resist negative energy. (rN+)
You are resistant to electric shocks. (rElec)
You are resistant to unholy torment.
You are immune to petrification.


Message History

The foxfire hits something but does no damage.
Unknown command.
Casting: Foxfire (safe; 3% risk of failure)
Confirm with . or Enter, or press ? or * to list all spells.
You conjure some foxfire!
The foxfire hits something.
Reactivating autopickup.
You feel a bit more experienced.
An ogre comes into view. It is wielding a +0 giant spiked club.
Unknown command.
Casting: Foxfire (safe; 3% risk of failure)
Confirm with . or Enter, or press ? or * to list all spells.
You conjure some foxfire!
Your foxfire dissipates! x2
The foxfire hits the ogre.
The ogre is lightly wounded.
An orc comes into view. It is wielding a +0 dagger.
Your foxfire dissipates!
Casting: Foxfire (safe; 3% risk of failure)
Confirm with . or Enter, or press ? or * to list all spells.
You conjure some foxfire!
Unknown command.
Casting: Foxfire (safe; 3% risk of failure)
Confirm with . or Enter, or press ? or * to list all spells.
You conjure some foxfire!
Your foxfire dissipates!
The foxfire hits the ogre!
The ogre is moderately wounded.
Unknown command.
The foxfire hits the ogre.
The ogre is heavily wounded.
The foxfire hits the ogre.
The ogre is severely wounded.
The foxfire hits the ogre.
The ogre is severely wounded.
The ogre hits you with a +0 giant spiked club!
You hit the ogre.
The ogre is severely wounded.
The ogre hits you with a +0 giant spiked club!!
Ouch! That really hurt!
You die...

.........## ###
...........########......
..................+......
............#....# ......
##...............##......
........................
.............##.........
.............##....######
........@######....####..
........O##......<.+.....
.........##........#.....
.........##........#.....
.......>..§........'.....
#########)........##.....
.....#..........
†....#..........
o...............


You could see an ogre.

Vanquished Creatures
  A sky beast (D:3)
  3 jellies (D:2)
  An orc wizard (D:3)
  2 dart slugs (D:1)
  2 bats
  8 endoplasms (D:2)
  3 giant cockroaches
  7 hobgoblins
  3 jackals (D:3)
  A quokka (D:2)
  A ball python (D:2)
  3 frilled lizards
  3 goblins
  10 kobolds
  3 rats
51 creatures vanquished.

Vanquished Creatures (others)
  175 foxfires
  8 fungi (D:2)
  9 toadstools (D:2)
192 creatures vanquished.

Grand Total: 243 creatures vanquished

Notes
Turn   | Place    | Note
-------+----------+-------------------------------------------
     0 | D:1      | funkygono the Gargoyle Fire Elementalist began the quest
                  | for the Orb.
     0 | D:1      | Reached XP level 1. HP: 10/10 MP: 3/3
   164 | D:1      | Found Qisywn's General Store.
   325 | D:1      | Reached XP level 2. HP: 15/15 MP: 3/5
  1300 | D:2      | Found Lumalyso's Distillery.
  1339 | D:2      | Reached XP level 3. HP: 19/19 MP: 1/6
  1344 | D:2      | Learned a level 3 spell: Conjure Flame
  1480 | D:2      | Found a faded altar of an unknown god.
  1894 | D:2      | Reached XP level 4. HP: 24/24 MP: 1/8
  1900 | D:2      | Reached skill level 4 in Fire Magic
  1904 | D:2      | Reached XP level 5. HP: 6/28 MP: 0/9
  2022 | D:2      | Learned a level 4 spell: Sticky Flame
  2544 | D:3      | Noticed a sky beast
  2551 | D:3      | Killed a sky beast
  2552 | D:3      | Reached skill level 1 in Maces & Flails
  2552 | D:3      | Reached XP level 6. HP: 32/32 MP: 1/11
  2743 | D:3      | Slain by an ogre

Illustrated notes

Levels and vault maps discovered:
D:1:      amcnicky_arrival_underground_garden, layout_loops_cross, serial_shops,
          nicolae_shop_statue_plus
D:2:      cheibrodos_fertilizer, layout_loops_cross, serial_shops,
          nicolae_shop_waterfront, shapermc_ecumenical_altar_notcrosses,
          kennysheep_decorative_pillar, minmay_misc_feat_encased
D:3:      layout_basic

Skill      XL: |  1  2  3  4  5 |
---------------+----------------+-----
Spellcasting   | 3 |  3.6
Conjurations   | 2 3 |  3.4
Fire Magic     | 4 |  4.4
Maces & Flails | 1 |  1.0
Dodging        | |  1.8
Stealth        | |  2.1

Action                   |  1- 3 |  4- 6 || total
-------------------------+-------+-------++-------
Melee: Dagger            |     1 |       ||     1
       Mace              |     7 |     9 ||    16
 Cast: Foxfire           |    61 |    43 ||   104
  Use: Scroll            |     4 |     3 ||     7
Armor: Robe              |    11 |     6 ||    17
Dodge: Dodged            |    24 |     5 ||    29
Block: Other             |       |     1 ||     1

Table legend: (Time is in decaauts)
 A = Elapsed time spent in this place.
 B = Non-inter-level travel time spent in this place.
 C = Inter-level travel time spent in this place.
 D = Time resting spent in this place.
 E = Time spent auto-exploring this place.
 F = Levels seen in this place.
 G = Mean time per level.
                   A        B        C        D        E       F      G
               +--------+--------+--------+--------+--------+-----+--------+
         Total |   2746 |   2665 |     81 |    265 |   1996 |   3 |  915.3 |
       Dungeon |   2746 |   2665 |     81 |    265 |   1996 |   3 |  915.3 |
               +--------+--------+--------+--------+--------+-----+--------+

Top non-repeatable levels by time:
     D:2: 1466 daAuts
     D:1: 1031 daAuts
     D:3: 248 daAuts
